AoeStats
← q2e_lol

Arena

509849949Analyzed
2v2 RM · 3d ago on Sep 28, 2026· 61m 33s· 4 players
Game mode
Random Map
Map size
Medium (4 player)
Population
200
Speed
Normal
Resources
Standard
Victory
Conquest
Starting age
Dark Age
Ending age
Imperial Age
RankedLock teamsTeams togetherTeam positionsShared explorationLock speedFull tech treeHidden civsTurbo modeCheats
Victory
Defeat
🇭🇰 Danes · Hong Kong SAR China
1200
+12
🇭🇰 Persians · Hong Kong SAR China
948
+41
🇬🇧 Danes · United Kingdom
1106
-17
🇵🇹 Spanish · Portugal
1081
-16
SammyDiamonds
10:51 Feudal Age
15:11 Castle Age
13:31 Scale Mail Armor
13:26 Double-Bit Axe
13:23 Horse Collar
13:37 Man-at-Arms
18:17 Arson
19:50 Loom
23:14 Long Swordsman
25:04 Squires
29:00 Ballistics
29:31 Masonry
29:29 Heavy Plow
29:48 Bow Saw
33:45 Imperial Age
33:04 Hamask
34:11 Onager
36:50 Bloodlines
36:02 Light Cavalry
37:41 Husbandry
37:12 Two-Handed Swordsman
40:34 Conscription
40:41 Champion
42:26 Chain Mail Armor
42:23 Forging
41:40 Northmen's Fury
44:33 Plate Mail Armor
45:05 Pikeman
49:27 Gambesons
51:43 Fletching
!
11:06 Feudal Age
13:46 Loom
16:44 Castle Age
14:33 Double-Bit Axe
20:53 Horse Collar
21:59 Man-at-Arms
23:22 Heavy Plow
23:54 Scale Mail Armor
25:28 Wheelbarrow
25:33 Forging
25:38 Fletching
25:15 Pikeman
28:40 Bow Saw
29:48 Hand Cart
29:35 Town Watch
30:54 Chain Mail Armor
31:14 Gold Mining
31:14 Stone Mining
34:50 Imperial Age
33:55 Iron Casting
34:17 Ballistics
33:54 Murder Holes
33:49 Guard Tower
34:19 Squires
34:05 Arson
35:14 Bloodlines
35:05 Husbandry
35:12 Fletching
35:14 Halberdier
36:04 Scale Barding Armor
37:31 Blast Furnace
37:53 Two-Man Saw
37:28 Chain Barding Armor
37:05 Light Cavalry
38:39 Plate Mail Armor
38:20 Onager
39:56 Capped Ram
40:14 Cavalier
42:31 Plate Barding Armor
44:23 Paladin
45:56 Bodkin Arrow
48:50 Conscription
48:51 Supremacy
53:01 Elite Conquistador
57:55 Hussar
KuPanda
10:14 Feudal Age
11:44 Double-Bit Axe
14:37 Castle Age
12:22 Horse Collar
13:18 Loom
16:31 Bow Saw
19:38 Heavy Plow
19:57 Fletching
26:41 Gold Mining
27:50 Wheelbarrow
27:39 Town Watch
31:50 Imperial Age
30:07 Bodkin Arrow
32:49 Gold Shaft Mining
32:38 Hand Cart
32:24 Town Patrol
32:33 Northmen's Fury
33:40 Siege Engineers
34:06 Conscription
34:26 Devotion
33:52 Onager
36:42 Ballistics
36:42 Scale Mail Armor
39:50 Chain Mail Armor
39:28 Siege Onager
40:02 Hamask
41:08 Elite Jomsviking
41:52 Stone Mining
42:55 Plate Mail Armor
42:35 Forging
45:37 Bracer
45:04 Hamask
46:30 Iron Casting
51:42 Hoardings
51:22 Masonry
54:36 Blast Furnace
55:12 Chemistry
54:08 Murder Holes
58:10 Scale Barding Armor
58:07 Padded Archer Armor
61:07 Coinage
q2e_lol
10:38 Feudal Age
15:58 Castle Age
14:28 Horse Collar
16:59 Double-Bit Axe
21:04 Wheelbarrow
27:17 Hand Cart
29:12 Scale Barding Armor
29:18 Forging
29:48 Gold Mining
30:04 Heavy Plow
30:16 Bow Saw
33:29 Imperial Age
33:03 Husbandry
33:14 Bloodlines
32:57 Loom
34:12 Chain Barding Armor
34:27 Iron Casting
34:17 Conscription
33:28 Heavy Camel Rider
34:33 Stone Mining
35:19 Gold Shaft Mining
37:54 Crossbowman
38:40 Thumb Ring
38:39 Kamandaran
39:20 Padded Archer Armor
40:20 Blast Furnace
39:56 Plate Barding Armor
39:11 Fletching
42:14 Chemistry
51:40 Cavalier
52:02 Cavalier
54:38 Coinage
54:08 Caravan
53:51 Savar
Connection lost

Rejoining the realm…

Still unreachable

The connection could not be restored.

Session expired

The server has moved on; the page needs a fresh start.